 Dungeon Sprint DCSS version 0.21.1-1-g345015f (webtiles) character file.

896 wilfster70 the Nimble (level 8, -5/71 HPs)
             Began as a Gnoll Monk on June 6, 2018.
             Was a Priest of Okawaru.
             Killed from afar by a deep elf mage (34 damage)
             ... with a bolt of lightning
             ... in the Dungeon (Sprint IX: "|||||||||||||||||||||||||||||").
             The game lasted 00:02:14 (722 turns).

wilfster70 the Nimble (Gnoll Monk)                   Turns: 722, Time: 00:02:15

Health: -5/71      AC: 13    Str: 18    XL:     8   Next: 7%
Magic:  17/17      EV: 10    Int: 15    God:    Okawaru [***...]
Gold:   0          SH:  0    Dex: 19    Spells: 19/19 levels left

rFire    . . .     SeeInvis .   a - +4 quarterstaff (speed)
rCold    . . .     Gourm    .   (shield currently unavailable)
rNeg     . . .     Faith    .   q - +0 plate armour
rPois    .         Spirit   .   (no helmet)
rElec    .         Reflect  .   p - +0 cloak
rCorr    .         Harm     .   (no gloves)
MR       .....     NoTele   +   (no boots)
Stlth    ..........             (no amulet)
HPRegen  0.21/turn              r - +3 ring of strength
MPRegen  0.15/turn              s - +3 ring of intelligence

@: no status effects
A: distributed training, fangs 1, strong nose
a: Heroism, Renounce Religion


You were in the Dungeon.
You worshipped Okawaru.
Okawaru was most pleased with you.
You were not hungry.

You visited 1 branch

Inventory:

Hand Weapons
 a - a +4 quarterstaff of speed (weapon)
 o - a +0 spear
Armour
 b - a +0 robe
 p - a +0 cloak (worn)
 q - a +0 plate armour (worn)
Magical Staves
 n - an uncursed staff of energy
Jewellery
 r - a +3 ring of strength (left hand)
 s - a +3 ring of intelligence (right hand)
Wands
 m - a wand of iceblast (10)
Scrolls
 i - 2 scrolls of blinking
 k - 3 scrolls of remove curse
 l - 2 scrolls of amnesia
Potions
 d - 5 potions of curing
 e - a potion of invisibility
 f - a potion of haste
 g - 4 potions of magic
 h - a potion of berserk rage
 j - a potion of heal wounds
Comestibles
 c - a ration


   Skills:
 + Level 9.0 Fighting
 + Level 6.0 Short Blades
 + Level 6.0 Long Blades
 + Level 6.0 Axes
 + Level 6.0 Maces & Flails
 + Level 9.0 Polearms
 + Level 6.0 Staves
 + Level 6.0 Slings
 + Level 6.0 Bows
 + Level 6.0 Crossbows
 + Level 6.0 Throwing
 + Level 6.0 Armour
 + Level 9.0 Dodging
 + Level 7.4 Stealth
 + Level 6.0 Shields
 + Level 6.0 Unarmed Combat
 + Level 6.0 Spellcasting
 + Level 5.0 Conjurations
 + Level 5.0 Hexes
 + Level 5.0 Charms
 + Level 5.0 Summonings
 + Level 5.0 Necromancy
 + Level 5.0 Translocations
 + Level 5.0 Transmutations
 + Level 5.0 Fire Magic
 + Level 5.0 Ice Magic
 + Level 5.0 Air Magic
 + Level 5.0 Earth Magic
 + Level 5.0 Poison Magic
 + Level 6.6 Invocations
 + Level 6.0 Evocations


You had 19 spell levels left.
You didn't know any spells.

Dungeon Overview and Level Annotations

Branches:
Dungeon (1/1)

Altars:
Cheibriados
Dithmenos
Elyvilon
Fedhas
Gozag
Hepliaklqana
Kikubaaqudgha
Makhleb
Nemelex Xobeh
Okawaru
Qazlal
Ru
Sif Muna
Trog
Uskayaw
Vehumet
Wu Jian
Xom
Yredelemnul
Zin
The Shining One
Beogh
Jiyva
Lugonu


Innate Abilities, Weirdness & Mutations

Your experience applies equally to all skills.
You have very sharp teeth.
Your uncanny sense of smell can sniff out nearby items.


Message History

The deep elf mage hits you but does no damage.
You closely miss the deep elf mage.
The deep elf mage is lightly wounded.
The deep elf mage gestures at you while chanting.
The bolt of lightning hits you!
You barely miss the deep elf mage.
The deep elf mage is lightly wounded.
The deep elf mage casts a spell at you. The bolt of lightning hits you!
You thump the deep elf mage!
You bite the deep elf mage, but do no damage.
The deep elf mage is heavily wounded.
You hit the deep elf mage.
The deep elf mage is severely wounded.
The deep elf mage barely misses you.
You closely miss the deep elf mage.
The deep elf mage is severely wounded.
The deep elf mage casts a spell at you. The bolt of lightning hits you!
You die...

∆∆∆∆ ∆ ∆∆∆∆
▓▓▓▓▓▓▓▓▓▓▓▓▓▓▓▓▓▓▓▓▓▓▓▓
+hZscce@....)))...[.)...
▓▓▓▓▓▓▓▓▓▓▓▓▓▓▓▓▓▓▓▓▓▓▓▓


You could see 2 centaur warriors, an orb spider, a deep elf mage, a howler
monkey and a giant cockroach zombie.

Vanquished Creatures
  An unseen horror (D)
  An ogre (D)
  A centaur (D)
  A scorpion (D)
  A killer bee (D)
  A wight (D)
  A crimson imp (D)
  An orc wizard (D)
  A worker ant (D)
  A hobgoblin (D)
  A jackal (D)
  A giant cockroach zombie (D)
  3 goblins (D)
  A jackal skeleton (D)
16 creatures vanquished.

Notes
Turn   | Place    | Note
-------+----------+-------------------------------------------
     0 | D        | wilfster70 the Gnoll Monk began the quest for the Orb.
     0 | D        | Reached XP level 1. HP: 23/23 MP: 1/1
    18 | D        | Reached skill level 1 in Invocations
    22 | D        | Reached skill level 1 in Short Blades
    22 | D        | Reached skill level 1 in Long Blades
    22 | D        | Reached skill level 1 in Axes
    22 | D        | Reached skill level 1 in Maces & Flails
    22 | D        | Reached skill level 1 in Staves
    22 | D        | Reached skill level 1 in Slings
    22 | D        | Reached skill level 1 in Bows
    22 | D        | Reached skill level 1 in Crossbows
    22 | D        | Reached skill level 1 in Throwing
    22 | D        | Reached skill level 1 in Armour
    22 | D        | Reached skill level 1 in Shields
    22 | D        | Reached skill level 1 in Unarmed Combat
    22 | D        | Reached skill level 1 in Spellcasting
    22 | D        | Reached skill level 1 in Evocations
   181 | D        | Noticed a crimson imp
   181 | D        | Noticed a centaur
   181 | D        | Noticed a worker ant
   184 | D        | Reached XP level 2. HP: 29/29 MP: 3/3
   200 | D        | Reached skill level 1 in Conjurations
   200 | D        | Reached skill level 1 in Hexes
   200 | D        | Reached skill level 1 in Charms
   200 | D        | Reached skill level 1 in Summonings
   200 | D        | Reached skill level 1 in Necromancy
   200 | D        | Reached skill level 1 in Translocations
   200 | D        | Reached skill level 1 in Transmutations
   200 | D        | Reached skill level 1 in Fire Magic
   200 | D        | Reached skill level 1 in Ice Magic
   200 | D        | Reached skill level 1 in Air Magic
   200 | D        | Reached skill level 1 in Earth Magic
   200 | D        | Reached skill level 1 in Poison Magic
   200 | D        | Reached XP level 3. HP: 16/35 MP: 3/5
   209 | D        | Killed a centaur
   209 | D        | Reached skill level 5 in Stealth
   209 | D        | Reached XP level 4. HP: 21/43 MP: 3/8
   242 | D        | Reached XP level 5. HP: 16/48 MP: 6/10
   443 | D        | Found a roughly hewn altar of Beogh.
   443 | D        | Found a snail-covered altar of Cheibriados.
   443 | D        | Found a shadowy altar of Dithmenos.
   443 | D        | Found a white marble altar of Elyvilon.
   443 | D        | Found a blossoming altar of Fedhas.
   443 | D        | Found an opulent altar of Gozag.
   444 | D        | Found a hazy altar of Hepliaklqana.
   445 | D        | Found a viscous altar of Jiyva.
   446 | D        | Found an ancient bone altar of Kikubaaqudgha.
   447 | D        | Found a corrupted altar of Lugonu.
   448 | D        | Found a burning altar of Makhleb.
   449 | D        | Found a sparkling altar of Nemelex Xobeh.
   450 | D        | Found an iron altar of Okawaru.
   451 | D        | Found a stormy altar of Qazlal.
   452 | D        | Found a sacrificial altar of Ru.
   453 | D        | Found a deep blue altar of Sif Muna.
   454 | D        | Found a bloodstained altar of Trog.
   455 | D        | Found a hide-covered altar of Uskayaw.
   456 | D        | Found a radiant altar of Vehumet.
   457 | D        | Found an ornate altar of the Wu Jian Council.
   458 | D        | Became a worshipper of Warmaster Okawaru
   458 | D        | Reached * piety under Okawaru
   458 | D        | Reached ** piety under Okawaru
   459 | D        | Found a shimmering altar of Xom.
   460 | D        | Found a basalt altar of Yredelemnul.
   461 | D        | Found a glowing silver altar of Zin.
   462 | D        | Found a glowing golden altar of the Shining One.
   510 | D        | Noticed an ogre
   538 | D        | Reached XP level 6. HP: 48/56 MP: 10/12
   565 | D        | Killed an unseen horror
   565 | D        | Reached *** piety under Okawaru
   565 | D        | Reached skill level 5 in Short Blades
   565 | D        | Reached skill level 5 in Long Blades
   565 | D        | Reached skill level 5 in Axes
   565 | D        | Reached skill level 5 in Maces & Flails
   565 | D        | Reached skill level 5 in Staves
   565 | D        | Reached skill level 5 in Slings
   565 | D        | Reached skill level 5 in Bows
   565 | D        | Reached skill level 5 in Crossbows
   565 | D        | Reached skill level 5 in Throwing
   565 | D        | Reached skill level 5 in Armour
   565 | D        | Reached skill level 5 in Shields
   565 | D        | Reached skill level 5 in Unarmed Combat
   565 | D        | Reached skill level 5 in Spellcasting
   565 | D        | Reached skill level 5 in Evocations
   565 | D        | Reached XP level 7. HP: 55/63 MP: 12/15
   571 | D        | Reached skill level 5 in Conjurations
   571 | D        | Reached skill level 5 in Hexes
   571 | D        | Reached skill level 5 in Charms
   571 | D        | Reached skill level 5 in Summonings
   571 | D        | Reached skill level 5 in Necromancy
   571 | D        | Reached skill level 5 in Translocations
   571 | D        | Reached skill level 5 in Transmutations
   571 | D        | Reached skill level 5 in Fire Magic
   571 | D        | Reached skill level 5 in Ice Magic
   571 | D        | Reached skill level 5 in Air Magic
   571 | D        | Reached skill level 5 in Earth Magic
   571 | D        | Reached skill level 5 in Poison Magic
   571 | D        | Reached XP level 8. HP: 40/71 MP: 12/17
   715 | D        | Noticed an orb spider
   715 | D        | Noticed a centaur warrior
   715 | D        | Noticed a centaur warrior
   715 | D        | Noticed a deep elf mage
   722 | D        | Killed from afar by a deep elf mage

Skill      XL: |  1  2  3  4  5  6  7 |
---------------+----------------------+-----
Invocations    | 1 2 3 4 6 |  6.6
Short Blades   | 1 3 4 5 6 |  6.0
Long Blades    | 1 3 4 5 6 |  6.0
Axes           | 1 3 4 5 6 |  6.0
Maces & Flails | 1 3 4 5 6 |  6.0
Staves         | 1 3 4 5 6 |  6.0
Slings         | 1 3 4 5 6 |  6.0
Bows           | 1 3 4 5 6 |  6.0
Crossbows      | 1 3 4 5 6 |  6.0
Throwing       | 1 3 4 5 6 |  6.0
Armour         | 1 3 4 5 6 |  6.0
Shields        | 1 3 4 5 6 |  6.0
Unarmed Combat | 1 3 4 5 6 |  6.0
Spellcasting   | 1 3 4 5 6 |  6.0
Evocations     | 1 3 4 5 6 |  6.0
Conjurations   | 1 2 3 4 5 |  5.0
Hexes          | 1 2 3 4 5 |  5.0
Charms         | 1 2 3 4 5 |  5.0
Summonings     | 1 2 3 4 5 |  5.0
Necromancy     | 1 2 3 4 5 |  5.0
Translocations | 1 2 3 4 5 |  5.0
Transmutations | 1 2 3 4 5 |  5.0
Fire Magic     | 1 2 3 4 5 |  5.0
Ice Magic      | 1 2 3 4 5 |  5.0
Air Magic      | 1 2 3 4 5 |  5.0
Earth Magic    | 1 2 3 4 5 |  5.0
Poison Magic   | 1 2 3 4 5 |  5.0
Fighting       | 7 8 9 |  9.0
Polearms       | 7 8 9 |  9.0
Dodging        | 7 8 9 |  9.0
Stealth        | 5 7 |  7.4

Action                   |  1- 3 |  4- 6 |  7- 9 || total
-------------------------+-------+-------+-------++-------
Melee: Spear             |    44 |    31 |       ||    75
       Bite              |     8 |     9 |     2 ||    19
       Quarterstaff      |       |    50 |    11 ||    61
  Use: Potion            |     1 |     1 |       ||     2
Armor: Robe              |     7 |     2 |       ||     9
       Plate armour      |       |    25 |     2 ||    27
Dodge: Dodged            |    19 |    27 |     3 ||    49
